 Dungeon Crawl Stone Soup version 0.27-a0-404-g4390dbc5be (webtiles) character file.

Game seed: 5660200857289135036

29145 Nattfarinn the Protected (level 13, -1/160 HPs)
             Began as a Merfolk Venom Mage on Feb 22, 2021.
             Was a High Priest of Sif Muna.
             Succumbed to a green ugly thing's poison
             ... on level 12 of the Dungeon.
             The game lasted 01:08:50 (24185 turns).

Nattfarinn the Protected (Merfolk Venom Mage)      Turns: 24185, Time: 01:08:51

Health: -1/160     AC: 26    Str:  9    XL:     13   Next: 43%
Magic:  4/21       EV:  2    Int: 18    God:    Sif Muna [*****.]
Gold:   1279       SH:  0    Dex: 15    Spells: 15/23 levels left

rFire    . . .     SeeInvis +   s - +2 mace of Calculation {venom, rC+ SInv}
rCold    + . .     Faith    .   (no shield)
rNeg     + + +     Spirit   +   (armour currently unavailable)
rPois    +         Reflect  .   (helmet currently unavailable)
rElec    .         Harm     .   (cloak currently unavailable)
rCorr    .         Rampage  .   (gloves currently unavailable)
Will     .....     NoTele   +   (boots currently unavailable)
Stlth    ++........             h - amulet of guardian spirit
HPRegen  0.36/turn              g - +4 ring of evasion
MPRegen  0.17/turn              (no ring)

@: lethally poisoned (-1 -> -25), tree-form, berserk cooldown, slowed, very slow
A: (change form in water), (swift swim), (stealthy swim), blurry vision 1,
robust 1
a: Renounce Religion, Channel Magic, Forget Spell, Divine Exegesis


You were on level 12 of the Dungeon.
You worshipped Sif Muna.
Sif Muna was extremely pleased with you.
You were a tree.
You visited 4 branches of the dungeon, and saw 16 of its levels.

You collected 1421 gold pieces.
You spent 142 gold pieces at shops.

Inventory:

Hand Weapons
 n - a +2 short sword of holy wrath
 s - the +2 mace of Calculation (weapon) {venom, rC+ SInv}
   (You found it on level 4 of the Dungeon)

   It poisons the flesh of those it strikes.
   It protects you from cold.
   It lets you see invisible.
 v - the +8 dagger of Twilight {flame, rN+}
   (You took it off a kobold on level 5 of the Dungeon)

   It has been specially enchanted to burn those struck by it, causing extra
   injury to most foes and up to half again as much damage against particularly
   susceptible opponents.
   It protects you from negative energy.
Armour
 d - the +2 robe of Amorality (melded) {rElec rC+}
   (You bought it in a shop on level 2 of the Orcish Mines)

   It protects you from cold.
   It insulates you from electricity.
 l - a +2 leather armour of fire resistance
 y - a +3 chain mail
 D - a +5 chain mail of poison resistance
Jewellery
 g - a +4 ring of evasion (left branch)
 h - an amulet of guardian spirit (around neck)
Wands
 b - a wand of iceblast (16)
 q - a wand of paralysis (3)
 A - a wand of flame (18)
 B - a wand of random effects (31)
 C - a wand of mindburst (8)
Scrolls
 e - 3 scrolls of teleportation
 i - 3 scrolls of magic mapping
 j - 5 scrolls of amnesia
 k - 5 scrolls of blinking
 m - 5 scrolls of immolation
 r - a scroll of fear
 w - 2 scrolls of enchant weapon
 z - a scroll of fog
Potions
 c - a potion of might
 f - 3 potions of lignification
 o - 3 potions of mutation
 p - 2 potions of brilliance


   Skills:
 - Level 8.0 Fighting
 * Level 12.7 Armour
 - Level 10.0 Dodging
 - Level 2.1 Stealth
 - Level 5.7 Spellcasting
 - Level 3.1 Transmutations
 - Level 10.4 Poison Magic


You had 15 spell levels left.
You knew the following spells:

 Your Spells              Type           Power        Failure   Level
a - Sting                 Tmut/Pois      100%         1%          1
b - Olgreb's Toxic Radia  Pois           42%          1%          4
c - Ignite Poison         Fire/Tmut/Pois 21%          6%          3

Your spell library contained the following spells:

 Spells                   Type           Power        Failure   Level
 Poisonous Vapours        Pois/Air       46%          2%          2
 Mephitic Cloud           Conj/Pois/Air  17%          9%          3
 Shock                    Conj/Air       20%          12%         1
 Conjure Flame            Conj/Fire      5%           36%         3
 Dazzling Flash           Conj/Hex       10%          36%         3
 Inner Flame              Hex/Fire       5%           36%         3
 Summon Lightning Spire   Summ/Air       5%           77%         4
 Metabolic Englaciation   Hex/Ice        2%           98%         5
 Summon Mana Viper        Hex/Summ       5%           98%         5
 Freezing Cloud           Conj/Ice/Air   2%           100%        6


Dungeon Overview and Level Annotations

Branches:
Dungeon (12/15)            Temple (1/1) D:7            Lair (1/6) D:10
    Orc (2/2) D:10            Elf (0/3) Orc:2

Altars:
Ashenzari
Cheibriados
Dithmenos
Elyvilon
Fedhas
Gozag
Hepliaklqana
Kikubaaqudgha
Makhleb
Nemelex Xobeh
Okawaru
Qazlal
Sif Muna
Trog
Uskayaw
Vehumet
Wu Jian
Xom
Yredelemnul
Zin
The Shining One

Shops:
D:11 *   Orc:2 (=[*

Portals:
Abyss: D:7

Annotations:
D:4 3 runed translucent doors, TimeIsEndless's ghost, novice KoEn
D:7 2 transporters, RamboRex's ghost, novice GrFi


Innate Abilities, Weirdness & Mutations

((You revert to your normal form in water.))
((You are very nimble and swift while swimming.))
((You are very stealthy in the water. (Stealth+)))
Scrolls take you a little longer to read.
You are robust. (+10% HP)


Message History

You sock the green ugly thing!
The green ugly thing is almost dead.
You feel sick. The green ugly thing claws you.
* * * LOW HITPOINT WARNING * * *
You are lethally poisoned!
The green ugly thing poisons you!
You sock the green ugly thing!
You kill the green ugly thing!
Sif Muna accepts your kill.
* * * LOW HITPOINT WARNING * * *
You feel very sick.
* * * LOW HITPOINT WARNING * * *
You feel sick.
You feel a strong urge to attack something.
* * * LOW HITPOINT WARNING * * *
You feel sick.
Your magical contamination has completely faded away.
You are too berserk!
Okay, then.
You are too berserk!
You are too berserk!
* * * LOW HITPOINT WARNING * * *
You feel sick.
You feel your anger nearly subside.
You are no longer berserk.
You are exhausted.
You feel yourself slow down.
* * * LOW HITPOINT WARNING * * *
You feel sick.
Really quaff the potion of lignification?
You turn into a tree.
The +2 robe of Amorality {rElec rC+} melds into your body.
Your roots penetrate the ground.
* * * LOW HITPOINT WARNING * * *
You feel very sick.
Okay, then.
Okay, then.
Really quaff the potion of mutation?
You feel extremely strange.
Your vision blurs.
You feel robust.
You die...

♣♣♣♣♣♣♣♣♣♣♣
♣.....†...♣
♣.♣♣♣♣♣♣♣.♣ ♣.♣ ♣.♣
♣.♣ ♣.♣ ♣.♣ ♣.♣ ♣.♣
♣.♣ ♣♣♣ ♣.♣
♣.♣####.♣.♣
♣...†...♣.♣
♣.♣♣♣♣♣♣♣♣♣.♣
♣...........♣
♣♣♣♣♣♣♣.♣♣♣♣♣ ##.##
#####
♣♣♣♣...♣♣♣♣♣♣#....
.♣.♣.≈≈≈.♣.♣.♣#.###


There were no monsters in sight!

Vanquished Creatures
  3 orc warlords (Orc:2)
  3 orc high priests (Orc:2)
  An unseen horror (D:12)
  4 orc knights (Orc:2)
  4 ugly things
  5 orc sorcerers (Orc:2)
  A manticore (D:12)
  A moth of wrath (D:3)
  2 cyclopes
  A cane toad (Lair:1)
  A komodo dragon (Lair:1)
  3 hornets
  3 trolls
  Grinder (D:5)
  4 wyverns (D:10)
  A shadow (D:12)
  A tarantella (shapeshifter) (D:12)
  10 yaks
  A wraith (D:11)
  A vampire (D:9)
  A basilisk (D:11)
  A steam dragon (D:11)
  8 wargs
  2 water moccasins (D:10)
  2 soldier ants (D:11)
  46 orc warriors
  4 ice beasts
  2 sky beasts
  6 ogres
  A necrophage (D:7)
  5 centaurs
  2 phantoms
  2 kobold brigands
  5 bullfrogs
  4 scorpions
  17 wights
  2 howler monkeys
  A bullfrog zombie (D:11)
  2 quasits
  A jelly (D:10)
  Crazy Yiuf (D:4)
  8 hounds
  32 orc priests
  A bullfrog skeleton (D:11)
  4 iguanas
  37 orc wizards
  8 worker ants
  Terence (D:3)
  A worker ant zombie (D:11)
  17 adders
  4 gnolls
  A howler monkey skeleton (D:11)
  2 shadow imps
  4 white imps
  An ooze (D:5)
  An adder zombie (D:5)
  An adder skeleton (D:4)
  4 worms
  A dart slug (D:1)
  6 leopard geckos
  94 orcs
  A ball python (D:1)
  13 bats
  5 giant cockroaches
  8 goblins
  8 hobgoblins
  7 jackals
  4 quokkas
  8 frilled lizards
  2 giant cockroach zombies
  18 kobolds
  3 quokka skeletons
  13 rats
484 creatures vanquished.

Vanquished Creatures (others)
  An orc wizard (Orc:2)
  6 fungi
  37 plants
44 creatures vanquished.

Grand Total: 528 creatures vanquished

Notes
Turn   | Place    | Note
-------+----------+-------------------------------------------
     0 | D:1      | Nattfarinn the Merfolk Venom Mage began the quest for the
                  | Orb.
     0 | D:1      | Reached XP level 1. HP: 13/13 MP: 3/3
   291 | D:1      | Reached XP level 2. HP: 19/19 MP: 0/5
  1181 | D:2      | Reached XP level 3. HP: 24/24 MP: 4/6
  1710 | D:2      | Reached XP level 4. HP: 20/30 MP: 1/7
  1808 | D:2      | Learned a level 4 spell: Olgreb's Toxic Radiance
  2038 | D:2      | Reached skill level 5 in Poison Magic
  2451 | D:3      | Noticed Terence
  2467 | D:3      | Killed Terence
  2468 | D:3      | Reached XP level 5. HP: 21/35 MP: 1/8
  2725 | D:3      | Noticed a moth of wrath
  2735 | D:3      | Found a bloodstained altar of Trog.
  3075 | D:3      | Found a faded altar of an unknown god.
  3727 | D:3      | Learned a level 3 spell: Ignite Poison
  4273 | D:3      | Killed a moth of wrath
  4274 | D:3      | Reached XP level 6. HP: 41/41 MP: 1/11
  4274 | D:3      | Reached XP level 7. HP: 46/46 MP: 1/12
  4418 | D:4      | Found a runed translucent gate.
  4418 | D:4      | Found a runed translucent gate.
  4418 | D:4      | Found a runed translucent gate.
  4450 | D:4      | Noticed TimeIsEndless's ghost (novice KoEn)
  4754 | D:4      | Found a white marble altar of Elyvilon.
  4955 | D:4      | Reached XP level 8. HP: 30/52 MP: 2/14
  5188 | D:4      | Found a runed translucent door.
  5189 | D:4      | Noticed Crazy Yiuf
  5504 | D:4      | Killed Crazy Yiuf
  5510 | D:4      | Got a faintly glowing mace
  5511 | D:4      | Identified the +2 mace of Calculation {venom, rC+ SInv}
                  | (You found it on level 4 of the Dungeon)
  5627 | D:5      | Entered Level 5 of the Dungeon
  5630 | D:5      | Noticed Grinder
  5631 | D:5      | Paralysed by Grinder for 4 turns
  6193 | D:5      | Reached skill level 5 in Spellcasting
  6732 | D:5      | Killed Grinder
  6995 | D:5      | Identified the +8 dagger of Twilight {flame, rN+}
  6998 | D:5      | Reached skill level 10 in Poison Magic
  7468 | D:6      | Reached XP level 9. HP: 49/57 MP: 14/17
  7550 | D:6      | Reached skill level 1 in Fighting
  8502 | D:6      | Reached skill level 5 in Dodging
  9528 | D:7      | Reached skill level 5 in Fighting
  9672 | D:7      | Found a transporter.
  9736 | D:7      | Found a transporter.
  9762 | D:7      | Found a one-way gate to the infinite horrors of the Abyss.
  9762 | D:7      | Noticed RamboRex's ghost (novice GrFi)
 10005 | D:7      | Found a staircase to the Ecumenical Temple.
 10015 | Temple   | Entered the Ecumenical Temple
 10110 | Temple   | Became a worshipper of Sif Muna the Loreminder
 10151 | D:8      | Noticed a hornet
 10155 | D:8      | Killed a hornet
 10782 | D:8      | Reached XP level 10. HP: 70/75 MP: 15/18
 11063 | D:8      | Found a blossoming altar of Fedhas.
 11818 | D:9      | Found a radiant altar of Vehumet.
 11957 | D:9      | Paralysed by a hornet for 2 turns
 12217 | D:9      | Reached skill level 10 in Dodging
 12351 | D:9      | Reached skill level 1 in Armour
 12594 | D:9      | Reached * piety under Sif Muna
 12815 | D:10     | Entered Level 10 of the Dungeon
 12854 | D:10     | Reached skill level 2 in Armour
 12982 | D:10     | Found a staircase to the Lair.
 12986 | D:10     | Reached skill level 4 in Armour
 13005 | D:10     | Reached XP level 11. HP: 56/86 MP: 4/19
 13339 | D:10     | Reached skill level 5 in Armour
 13679 | D:10     | Found a staircase to the Orcish Mines.
 14122 | D:10     | Reached skill level 6 in Armour
 14253 | D:10     | Reached ** piety under Sif Muna
 14648 | Lair:1   | Entered Level 1 of the Lair of Beasts
 15297 | Lair:1   | Noticed an eight-headed hydra
 15669 | Orc:1    | Entered Level 1 of the Orcish Mines
 15960 | Orc:2    | Entered Level 2 of the Orcish Mines
 16074 | Orc:2    | Noticed an orc warlord
 16077 | Orc:2    | Reached skill level 7 in Armour
 16214 | Orc:2    | Found a staircase to the Elven Halls.
 16237 | Orc:2    | Reached *** piety under Sif Muna
 16670 | Orc:2    | Noticed an orc sorcerer
 16696 | Orc:2    | Noticed a soul eater
 17098 | Orc:2    | Noticed an orc knight
 17105 | Orc:2    | Killed an orc knight
 17279 | Orc:2    | Reached skill level 8 in Armour
 17470 | Orc:2    | Noticed an orc high priest
 17604 | Orc:2    | Killed an orc high priest
 17857 | Orc:2    | Reached **** piety under Sif Muna
 18028 | Orc:2    | Noticed an orc warlord
 18039 | Orc:2    | Killed an orc sorcerer
 18040 | Orc:2    | Reached XP level 12. HP: 66/92 MP: 0/20
 18044 | Orc:2    | Killed an orc warlord
 18045 | Orc:2    | Reached skill level 9 in Armour
 18589 | Orc:2    | Noticed an orc high priest
 18683 | Orc:2    | Killed an orc high priest
 18829 | Orc:2    | Killed an orc warlord
 18830 | Orc:2    | Reached skill level 10 in Armour
 19486 | Orc:2    | Noticed an orc high priest
 19491 | Orc:2    | Killed an orc high priest
 19929 | Orc:2    | Reached skill level 11 in Armour
 20438 | Orc:2    | Noticed an orc warlord
 20588 | Orc:2    | Killed an orc warlord
 20589 | Orc:2    | Reached XP level 13. HP: 80/98 MP: 1/21
 20832 | Orc:2    | Reached ***** piety under Sif Muna
 20877 | Orc:2    | Found Hageer's General Store.
 20878 | Orc:2    | Found Owesuppa's Jewellery Boutique.
 20880 | Orc:2    | Found Waeroun's Antique Armour Boutique.
 20880 | Orc:2    | Found Ickaucs's Antique Weapon Shop.
 20907 | Orc:2    | Bought an opalescent robe for 142 gold pieces
 20917 | Orc:2    | Identified the +2 robe of Amorality {rElec rC+} (You bought
                  | it in a shop on level 2 of the Orcish Mines)
 21394 | Orc:1    | Reached skill level 12 in Armour
 22331 | D:11     | Found Oppufrir's General Store.
 22760 | D:11     | Found a shimmering blue altar of Sif Muna.
 23273 | D:11     | Identified Sif Muna's Disquisition on Floating Malediction
                  | (Sif Muna gifted it to you on level 11 of the Dungeon)
 23273 | D:11     | Received a gift from Sif Muna
 24183 | D:12     | HP: 4/98 [poisoned by a green ugly thing]
 24185 | D:12     | Gained mutation: Scrolls take you a little longer to read.
                  | [potion of mutation]
 24185 | D:12     | Gained mutation: You are robust. (+10% HP) [potion of
                  | mutation]
 24185 | D:12     | Succumbed to a green ugly thing's poison

Illustrated notes

Levels and vault maps discovered:
D:1:      dpeg_arrival_refuge, layout_basic
D:2:      layout_rooms
D:3:      layout_basic, tgw_trog, chequers_ecumenical_altar_island, uniq_terence
D:4:      layout_basic, elyvilon_altar_1, gammafunk_ghost_icy,
          minmay_goblin_kobold_house, uniq_crazy_yiuf_cottage
D:5:      layout_loops_ring, grunt_ministairs_13, roderic_roman_lattice,
          lexackson_kobold_supper, uniq_grinder
D:6:      minmay_razor_zed, layout_gridville
D:7:      layout_rooms, minmay_temple_entry_mist, gammafunk_ghost_abyssal_escape
D:8:      layout_loops_corners, fedhas_altar_2, kennysheep_crisscross
D:9:      layout_basic, general_overflow_altar, serial_bayou_pond_b
D:10:     layout_loops_ring, minmay_lair_entry_grove, david_orc_1_choice
D:11:     minmay_diamond_stairs, layout_basic, serial_shops, shop,
          lemuel_tele_altar
D:12:     nzn_winding_woodlands_cross [nzn_winding_woodlands_5x15_sidewinder,
          nzn_winding_woodlands_5x15_cabin,
          nzn_winding_woodlands_5x15_lazy_stream,
          nzn_winding_woodlands_5x15_pool,
          nzn_winding_woodlands_15x15_boxy_spiral], layout_basic
Temple:   regret_index_temple_mists
Lair:1:   layout_layer_cave
Orc:1:    layout_diamond_mine
Orc:2:    st_orc_congregation, layout_diamond_mine

Skill      XL: |  1  2  3  4  5  6  7  8  9 10 11 12 13 |
---------------+----------------------------------------+-----
Transmutations | 2 3 |  3.1
Poison Magic   | 4 5 7 8 10 | 10.4
Spellcasting   | 3 4 5 |  5.7
Fighting       | 6 8 |  8.0
Dodging        | 8 10 | 10.0
Armour         | 4 8 11 12 | 12.7
Stealth        | |  2.1

Action                   |  1- 3 |  4- 6 |  7- 9 | 10-12 | 13-15 || total
-------------------------+-------+-------+-------+-------+-------++-------
Melee: Dagger            |    73 |     5 |   115 |   287 |    68 ||   548
       Short sword       |       |    19 |    73 |       |       ||    92
       Mace              |       |       |    28 |       |    16 ||    44
 Cast: Sting             |    56 |    80 |    21 |   111 |    43 ||   311
       Olgreb's Toxic Ra |       |     5 |    43 |    99 |    26 ||   173
       Ignite Poison     |       |     2 |    28 |    70 |    25 ||   125
Evoke: Wand              |       |       |     7 |    11 |       ||    18
  Use: Scroll            |       |     4 |     9 |    11 |     2 ||    26
       Potion            |       |       |     1 |     5 |     3 ||     9
 Stab: Sleeping          |     1 |       |     3 |     1 |     1 ||     6
       Paralysed         |       |       |    15 |     6 |       ||    21
       Distracted        |       |       |     1 |       |       ||     1
Armor: Robe              |    19 |     3 |    15 |     4 |    13 ||    54
       Chain mail        |       |       |       |     7 |       ||     7
Dodge: Dodged            |   108 |    45 |   178 |   342 |   109 ||   782

Table legend: (Time is in decaauts)
 A = Elapsed time spent in this place.
 B = Non-inter-level travel time spent in this place.
 C = Inter-level travel time spent in this place.
 D = Time resting spent in this place.
 E = Time spent auto-exploring this place.
 F = Levels seen in this place.
 G = Mean time per level.
                   A        B        C        D        E       F      G
               +--------+--------+--------+--------+--------+-----+--------+
         Total |  24175 |  23304 |    871 |   9956 |   9942 |  16 | 1510.9 |
       Dungeon |  16974 |  16419 |    555 |   5414 |   8699 |  12 | 1414.5 |
        Temple |     78 |     51 |     27 |      0 |     49 |   1 |   78.0 |
          Lair |    682 |    682 |      0 |    544 |     35 |   1 |  682.0 |
  Orcish Mines |   6440 |   6152 |    288 |   3998 |   1159 |   2 | 3220.0 |
               +--------+--------+--------+--------+--------+-----+--------+

Top non-repeatable levels by time:
   Orc:2: 3233 daAuts
   Orc:1: 3207 daAuts
    D:10: 2226 daAuts
     D:3: 2117 daAuts
     D:6: 1712 daAuts
    D:11: 1483 daAuts
     D:4: 1462 daAuts
     D:5: 1441 daAuts
     D:8: 1407 daAuts
     D:9: 1260 daAuts
     D:1: 1174 daAuts
     D:2: 1087 daAuts
     D:7: 1039 daAuts
  Lair:1: 682 daAuts
    D:12: 560 daAuts
